 Dungeon Crawl Stone Soup version 0.26.1-11-gd32895ea62 (webtiles) character file.

Game seed: 11868293251476372624

24166 Zeld the Carver (level 13, -2/101 HPs)
             Began as a Human Gladiator on June 12, 2021.
             Was an Elder of the Shining One.
             Slain by an orc knight
             ... wielding a +0 great sword
              (23 damage)
             ... on level 13 of the Dungeon.
             The game lasted 00:30:45 (24617 turns).

Zeld the Carver (Human Gladiator)                  Turns: 24617, Time: 00:30:46

Health: -2/101     AC: 14    Str: 19    XL:     13   Next: 40%
Magic:  10/16      EV:  6    Int: 10    God:    the Shining One [****..]
Gold:   390        SH: 12    Dex: 14    Spells: 12/12 levels left

rFire    . . .     SeeInvis .   a - +6 scimitar
rCold    . . .     Faith    .   o - +0 kite shield
rNeg     + + .     Spirit   .   I - +0 plate armour
rPois    +         Reflect  +   j - +2 hat {Will+}
rElec    .         Harm     .   q - scarf {repulsion}
rCorr    .         Rampage  .   s - +0 pair of gloves
Will     +....                  p - +0 pair of boots
Stlth    ..........             n - amulet of reflection
HPRegen  0.26/turn              (no ring)
MPRegen  0.15/turn              A - ring of poison resistance

@: glowing, repel missiles
A: no striking features
a: Renounce Religion, Divine Shield, Cleansing Flame


You were on level 13 of the Dungeon.
You worshipped the Shining One.
The Shining One was greatly pleased with you.
You visited 3 branches of the dungeon, and saw 16 of its levels.
You also visited: Sewer.

You collected 1806 gold pieces.
You spent 1416 gold pieces at shops.

Inventory:

Hand Weapons
 a - a +6 scimitar (weapon)
 b - a +2 scimitar of flaming
Missiles
 f - 4 javelins
 g - 73 poisoned darts (quivered)
 i - 386 stones
 y - 21 boomerangs
Armour
 j - a +2 hat of willpower (worn)
 o - a +0 kite shield (worn)
 p - a +0 pair of boots (worn)
 q - a scarf of repulsion (worn)
 s - a +0 pair of gloves (worn)
 I - a +0 plate armour (worn)
Jewellery
 n - an amulet of reflection (around neck)
 A - a ring of poison resistance (right hand)
 C - an uncursed ring of protection from cold
Wands
 r - a wand of polymorph (19)
 B - a wand of digging (3)
 D - a wand of flame (22)
 E - a wand of iceblast (7)
 H - a wand of paralysis (7)
Scrolls
 c - a scroll of random uselessness {unknown}
 h - 12 scrolls of teleportation
 k - 10 scrolls of remove curse
 t - 3 scrolls of blinking
 u - 2 scrolls of fear
 v - 3 scrolls of magic mapping
Potions
 d - a potion of berserk rage {unknown}
 e - 2 potions of flight
 l - 2 potions of cancellation
 m - 3 potions of curing
 w - 7 potions of haste
 x - 2 potions of heal wounds
 z - 7 potions of brilliance
Miscellaneous
 G - a lightning rod (1/4)


   Skills:
 + Level 9.3 Fighting
 * Level 12.9 Long Blades
 * Level 11.2 Throwing
 - Level 10.0 Dodging
 + Level 4.3 Invocations


You had 12 spell levels left.
You didn't know any spells.
Your spell library contained the following spells:

 Spells                   Type           Power        Failure   Level
 Foxfire                  Conj/Fire      0%           100%        1
 Sandblast                Erth           0%           100%        1
 Passwall                 Tmut/Erth      0%           100%        2
 Conjure Flame            Conj/Fire      0%           100%        3
 Inner Flame              Hex/Fire       0%           100%        3
 Stone Arrow              Conj/Erth      0%           100%        3
 Petrify                  Tmut/Erth      0%           100%        4
 Sticky Flame             Conj/Fire      0%           100%        4
 Fireball                 Conj/Fire      0%           100%        5
 Lee's Rapid Deconstruct  Erth           0%           100%        5


Dungeon Overview and Level Annotations

Branches:
Dungeon (14/15)            Temple (1/1) D:4            Lair (0/6) D:9
    Orc (1/2) D:12          Sewer (visited)
 Vaults: D:13-14

Altars:
Ashenzari
Cheibriados
Dithmenos
Elyvilon
Fedhas
Gozag
Hepliaklqana
Kikubaaqudgha
Makhleb
Nemelex Xobeh
Okawaru
Qazlal
Ru
Sif Muna
Trog
Uskayaw
Vehumet
Wu Jian
Xom
Yredelemnul
Zin
The Shining One

Shops:
D:6 ?**}


Message History

The orc knight is smitten.
The orc knight hits you with a +0 great sword!
Your daeva calls down the wrath of the Shining One upon the orc knight.
The orc knight is smitten.
Your daeva dissolves into sparkling lights!
The orc knight hits you with a +0 great sword!!
* * * LOW HITPOINT WARNING * * *
You fail to use your ability.
Unknown command.
Unknown command.
Blink to where?
Press: ? - help, Dir - move target, p - orc knight
As you read the scroll of blinking, it crumbles to dust.
The golden flame engulfs you but does no damage.
You resist.
You fail to use your ability.
Okay, then.
You fail to use your ability.
The orc knight hits you with a +0 great sword!!
You die...

####.##........# #.#
####.##.#####..#######.##########
..............................>..
####.##.#####.##.##.##...........
#.##.# #.##.##.##..#######..
####.##.#####.##.##.##..##...##..
..............##.##.###.#.....#.#
####.###########o##.# #.......#.#
#.# #@##.# #.#.....#.#
####.###########.##.###.##...##.#
........................###.###..
################.##.###.........#
################.##.#####...#####
.................##..............
#################################


You could see an orc knight.

Vanquished Creatures
  Erolcha (D:12)
  A boulder beetle (D:13)
  Erica (D:8)
  A queen ant (D:7)
  6 two-headed ogres
  2 tengu warriors (D:13)
  Nergalle (D:10)
  An unseen horror (D:11)
  Pikel (D:5)
  2 cyclopes
  A manticore (D:11)
  A gargoyle (D:11)
  A kobold demonologist (D:13)
  2 tengu conjurers (D:13)
  An efreet (D:10)
  3 trolls
  A shadow (D:12)
  2 wyverns
  A wraith (D:14)
  8 yaks
  A basilisk (D:13)
  4 vampire mosquitoes (D:13)
  3 wargs
  Edmund (D:4)
  A soldier ant (shapeshifter) (D:13)
  4 soldier ants (D:8)
  A water moccasin (D:10)
  4 phantoms
  An eye of draining (D:11)
  7 orc warriors
  3 ice beasts
  4 sky beasts
  6 ogres
  5 centaurs
  3 big kobolds
  9 bullfrogs
  2 wyvern skeletons
  A scorpion (D:10)
  3 killer bees (D:10)
  The ghost of MyelinatedAxon the Slasher, a weakling DsGl (D:3)
  14 wights
  4 howler monkeys
  5 electric eels (D:9)
  A bullfrog zombie (D:10)
  4 hounds
  2 jellies
  2 centaur skeletons
  11 orc priests
  Crazy Yiuf (D:4)
  3 bullfrog skeletons
  15 orc wizards
  3 iguanas
  39 worker ants
  A hound zombie (D:11)
  A hound skeleton (D:7)
  A worker ant zombie (D:5)
  13 adders
  8 river rats
  3 shadow imps
  5 white imps
  6 ufetubi
  3 oozes
  3 adder zombies
  A worm (D:4)
  2 dart slugs
  6 leopard geckos
  51 orcs
  12 ball pythons
  6 giant cockroaches
  7 hobgoblins
  9 jackals
  3 quokkas
  8 bats
  6 frilled lizards
  15 goblins
  21 kobolds
  2 quokka skeletons
  26 rats
425 creatures vanquished.

Vanquished Creatures (collateral kills)
  Gastronok (D:12)
1 creature vanquished.

Vanquished Creatures (others)
  A kobold (D:11)
1 creature vanquished.

Grand Total: 427 creatures vanquished

Notes
Turn   | Place    | Note
-------+----------+-------------------------------------------
     0 | D:1      | Zeld the Human Gladiator began the quest for the Orb.
     0 | D:1      | Reached XP level 1. HP: 16/16 MP: 1/1
   318 | D:1      | Reached XP level 2. HP: 22/22 MP: 2/2
  1087 | D:2      | Reached XP level 3. HP: 20/27 MP: 3/3
  1728 | D:3      | Found a runed translucent door.
  1731 | D:3      | Noticed MyelinatedAxon's ghost (weakling DsGl)
  1867 | D:3      | Reached XP level 4. HP: 34/34 MP: 4/4
  2642 | D:2      | HP: 1/34 [orc/+0 short sword (3)]
  2954 | D:3      | Reached XP level 5. HP: 27/39 MP: 5/5
  2978 | D:3      | Reached skill level 4 in Long Blades
  3634 | D:3      | Killed MyelinatedAxon's ghost
  3635 | D:3      | Reached XP level 6. HP: 32/46 MP: 6/6
  3744 | D:4      | Found a staircase to the Ecumenical Temple.
  3764 | Temple   | Entered the Ecumenical Temple
  3884 | Temple   | Became a worshipper of the Shining One
  4103 | D:4      | Identified the +8 chain mail of Baldness {rElec Regen+
                  | rCorr Str-5}
  4464 | D:4      | Noticed an ice beast
  4489 | D:4      | Killed an ice beast
  4490 | D:4      | Reached XP level 7. HP: 7/52 MP: 7/7
  4793 | D:4      | Reached skill level 5 in Long Blades
  5083 | D:4      | Found a runed translucent door.
  5084 | D:4      | Noticed Crazy Yiuf
  5091 | D:4      | Killed Crazy Yiuf
  5717 | D:4      | Found a glowing golden altar of the Shining One.
  5788 | D:4      | Reached skill level 5 in Throwing
  5886 | D:5      | Entered Level 5 of the Dungeon
  6011 | D:5      | Reached XP level 8. HP: 56/60 MP: 8/8
  6132 | D:5      | Found a glowing drain.
  6137 | Sewer    | Entered a sewer
  7370 | Sewer    | Reached * piety under the Shining One
  7393 | Sewer    | Reached skill level 6 in Long Blades
  7805 | D:5      | Found a broken altar of Ashenzari.
  7821 | D:5      | Found an ornate altar of the Wu Jian Council.
  7878 | D:5      | Found a shimmering altar of Xom.
  8193 | D:6      | Found Fuitip's Magic Scroll Shop.
  8227 | D:6      | Reached skill level 5 in Dodging
  8273 | D:6      | Bought a scroll of identify for 22 gold pieces
  8273 | D:6      | Bought a scroll of teleportation for 33 gold pieces
  8273 | D:6      | Bought a scroll of blinking for 82 gold pieces
  8273 | D:6      | Bought a scroll of identify for 22 gold pieces
  8273 | D:6      | Bought a scroll of remove curse for 33 gold pieces
  8273 | D:6      | Bought a scroll of teleportation for 33 gold pieces
  8273 | D:6      | Bought a scroll of magic mapping for 38 gold pieces
  8276 | D:6      | Found Enwablyada's Assorted Antiques.
  9012 | D:6      | Reached ** piety under the Shining One
  9039 | D:6      | Noticed Pikel
  9718 | D:6      | Reached XP level 9. HP: 66/66 MP: 9/9
  9781 | D:5      | Killed Pikel
  9782 | D:5      | Reached skill level 5 in Fighting
  9782 | D:5      | Reached skill level 7 in Long Blades
 11262 | D:6      | Found a hide-covered altar of Uskayaw.
 11291 | D:6      | Found Cideoh's Assorted Antiques.
 11295 | D:6      | Bought a scroll of identify for 56 gold pieces
 11309 | D:6      | Noticed Edmund
 11342 | D:4      | Killed Edmund
 11814 | D:6      | Found Zaagg's Gadget Shoppe.
 12227 | D:7      | Reached skill level 8 in Long Blades
 12596 | D:7      | Reached XP level 10. HP: 69/74 MP: 10/10
 12888 | D:8      | Reached *** piety under the Shining One
 12914 | D:8      | Got a spiked helmet
 12925 | D:8      | Identified the +4 helmet "Teatos" {Dex+4 Slay-3} (You found
                  | it on level 8 of the Dungeon)
 12956 | D:8      | Found a glowing golden altar of the Shining One.
 12957 | D:8      | Noticed Erica
 12972 | D:8      | Killed Erica
 12973 | D:8      | Reached skill level 9 in Long Blades
 13087 | D:8      | Noticed a two-headed ogre
 13104 | D:8      | Killed a two-headed ogre
 13841 | D:8      | Noticed a queen ant
 14193 | D:7      | Killed a queen ant
 14194 | D:7      | Reached skill level 10 in Long Blades
 14194 | D:7      | Reached XP level 11. HP: 72/84 MP: 8/11
 15087 | D:6      | Bought a scroll labelled NUTHAI AGAANK for 28 gold pieces
 15087 | D:6      | Bought a scroll of identify for 56 gold pieces
 15087 | D:6      | Bought a scroll of remove curse for 84 gold pieces
 15087 | D:6      | Bought a scroll of identify for 56 gold pieces
 15097 | D:6      | Bought a scroll of teleportation for 33 gold pieces
 15102 | D:6      | Acquired 733 gold pieces
 15118 | D:6      | Bought a scroll of remove curse for 60 gold pieces
 15131 | D:6      | Bought a wand of polymorph (7) for 108 gold pieces
 15131 | D:6      | Bought a wand of flame (8) for 60 gold pieces
 15131 | D:6      | Bought a wand of iceblast (7) for 132 gold pieces
 15131 | D:6      | Bought a wand of polymorph (3) for 60 gold pieces
 15142 | D:6      | Bought a scroll of enchant armour for 210 gold pieces
 15940 | D:9      | Found an ancient bone altar of Kikubaaqudgha.
 16355 | D:9      | Found an opulent altar of Gozag.
 16562 | D:9      | Noticed a two-headed ogre
 16570 | D:9      | Killed a two-headed ogre
 16659 | D:9      | Noticed a two-headed ogre
 16666 | D:9      | Reached skill level 11 in Long Blades
 16684 | D:9      | Killed a two-headed ogre
 16872 | D:9      | Found a staircase to the Lair.
 16895 | D:9      | Reached **** piety under the Shining One
 17146 | D:9      | Found a shadowy altar of Dithmenos.
 17274 | D:10     | Entered Level 10 of the Dungeon
 17324 | D:10     | Noticed Nergalle
 17556 | D:10     | Killed Nergalle
 17620 | D:10     | Reached XP level 12. HP: 75/92 MP: 12/12
 17767 | D:10     | Noticed a two-headed ogre
 18385 | D:6      | Bought a scroll of blinking for 210 gold pieces
 18960 | D:10     | Killed a two-headed ogre
 19194 | D:11     | Noticed an unseen horror
 19203 | D:11     | Killed an unseen horror
 19304 | D:11     | Noticed a two-headed ogre
 19316 | D:11     | Killed a two-headed ogre
 19317 | D:11     | Reached skill level 1 in Invocations
 19489 | D:11     | Reached skill level 12 in Long Blades
 19809 | D:11     | Reached skill level 10 in Throwing
 21151 | D:12     | Reached ***** piety under the Shining One
 21210 | D:12     | Noticed Gastronok
 21403 | D:12     | Killed Gastronok
 22025 | D:12     | Found a staircase to the Orcish Mines.
 22223 | D:12     | Noticed Erolcha
 22233 | D:12     | Killed Erolcha
 22717 | Orc:1    | Entered Level 1 of the Orcish Mines
 22740 | D:13     | Noticed a two-headed ogre
 22740 | D:13     | Noticed a boulder beetle
 22752 | D:12     | Killed a two-headed ogre
 22753 | D:12     | Reached XP level 13. HP: 55/100 MP: 15/15
 23142 | D:13     | Killed a boulder beetle
 23161 | D:13     | Reached skill level 10 in Dodging
 24569 | D:13     | Identified the +5 tower shield "Isun" {+Fly rN+ Str+2}
 24617 | D:13     | Slain by an orc knight

Illustrated notes

Levels and vault maps discovered:
D:1:      lemuel_arrival_muddy, layout_basic, minmay_pentomino_z2
D:2:      layout_rooms
D:3:      layout_basic, gammafunk_ghost_grave
D:4:      layout_cave_pools, minmay_temple_entry_antechambers, tso_altar,
          uniq_crazy_yiuf_cottage
D:5:      layout_basic, nicolae_ashenzari_panopticon, nzn_wu_jian_contemplation,
          old_standard_altar, gup_sewer_entry_bowl, serial_park_tiny_1
D:6:      cheibrodos_helix_gallery, layout_cave_pools, basic_altar,
          serial_shops, shop_fountains, shop, shop, nicolae_shop_waterfront,
          enter_ossuary_2, uniq_pikel, uniq_edmund
D:7:      layout_basic
D:8:      minmay_evil_eye, layout_layer_cave, basic_altar, zaba_antful_of_joy,
          uniq_erica
D:9:      layout_basic, grunt_dithmenos_shadows, lemuel_coloured_pillars_altar,
          kiku_gazebo_garden_becter, erik_lair_orcish_takeover
D:10:     layout_cave_pools, uniq_nergalle
D:11:     layout_stronghold
D:12:     layout_roguey, erik_orc_3, uniq_erolcha, uniq_gastronok
D:13:     layout_basic, minmay_misc_feat_enclosed, minmay_increasing_density
D:14:     layout_rooms, hangedman_vaults_entry_quadrant_bands,
          small_statue_intersection
Temple:   nicolae_temple_elliptical
Orc:1:    minmay_goldmine, layout_caves, serial_shops, shop, uniq_jorgrun

Skill      XL: |  1  2  3  4  5  6  7  8  9 10 11 12 13 |
---------------+----------------------------------------+-----
Throwing       | 3 4 5 6 7 8 9 10 11 | 11.2
Long Blades    | 4 5 6 8 10 11 12 | 12.9
Fighting       | 3 4 5 7 8 9 |  9.3
Dodging        | 4 5 6 7 8 9 10 | 10.0
Invocations    | 3 4 |  4.3

Action                   |  1- 3 |  4- 6 |  7- 9 | 10-12 | 13-15 || total
-------------------------+-------+-------+-------+-------+-------++-------
Melee: Long sword        |   119 |   139 |   347 |       |       ||   605
       Scimitar          |       |       |    87 |   566 |   145 ||   798
Throw: Throwing net      |       |       |       |     7 |       ||     7
Invok: Divine Shield     |       |       |     1 |     2 |       ||     3
       Cleansing Flame   |       |       |       |     1 |     1 ||     2
       Summon Divine War |       |       |       |     1 |     1 ||     2
Evoke: Wand              |       |     1 |     7 |       |     2 ||    10
       Lightning rod     |       |       |       |     4 |     3 ||     7
  Use: Scroll            |       |       |    20 |    13 |     3 ||    36
       Potion            |       |       |     4 |     3 |       ||     7
 Stab: Sleeping          |     2 |       |       |       |       ||     2
Armor: Leather armour    |    34 |    26 |    94 |    43 |       ||   197
       Plate armour      |       |       |       |    72 |    63 ||   135
Dodge: Dodged            |    70 |    56 |   241 |   149 |    32 ||   548
       Repelled          |       |       |     5 |     8 |     1 ||    14
Block: Kite shield       |    60 |    93 |   399 |   310 |    89 ||   951
       Reflection        |       |     1 |    13 |    19 |     1 ||    34
       Rpst.: Long sword |    20 |    20 |    56 |       |       ||    96
       Scimitar          |       |       |    15 |    51 |    12 ||    78
